AoeStats
← zeta

Arabia

510399639Analyzed
2v2 RM · 3d ago on Sep 30, 2026· 43m 4s· 4 players
Game mode
Random Map
Map size
Medium (4 player)
Population
200
Speed
Normal
Resources
Standard
Victory
Conquest
Starting age
Dark Age
Ending age
Imperial Age
RankedLock teamsTeams togetherTeam positionsShared explorationLock speedFull tech treeHidden civsTurbo modeCheats
Victory
Defeat
🇲🇽 Khmer · Mexico
1028
+17
🇺🇸 Poles · United States
1019
+18
🇺🇸 Turks · United States
1066
-18
🇦🇷 Teutons · Argentina
1048
-50
zeta
14:33 Feudal Age
15:12 Double-Bit Axe
15:10 Horse Collar
16:10 Man-at-Arms
16:53 Gold Mining
21:34 Wheelbarrow
24:15 Castle Age
22:47 Scale Mail Armor
22:58 Forging
24:18 Long Swordsman
24:19 Pikeman
25:33 Hand Cart
26:26 Bow Saw
28:24 Bloodlines
28:21 Heavy Plow
31:01 Gambesons
33:38 Squires
33:29 Town Watch
34:00 Stone Mining
42:04 Imperial Age
41:54 Iron Casting
41:25 Scale Barding Armor
42:11 Guard Tower
42:33 Masonry
42:08 Cavalier
wherejoubin_
7:28 Loom
9:40 Feudal Age
10:45 Double-Bit Axe
13:25 Horse Collar
23:14 Castle Age
23:34 Fletching
23:45 Padded Archer Armor
24:32 Heavy Plow
27:19 Bodkin Arrow
29:01 Bow Saw
28:43 Gold Mining
31:08 Bloodlines
34:59 Wheelbarrow
34:44 Husbandry
38:34 Imperial Age
35:52 Town Watch
37:22 Scale Barding Armor
37:28 Forging
40:12 Conscription
40:25 Chain Barding Armor
40:09 Stone Mining
40:23 Bracer
42:14 Two-Man Saw
HDSON.Stilson16
1:25 Loom
2:31 Loom
11:31 Feudal Age
17:13 Castle Age
28:25 Double-Bit Axe
31:14 Ballistics
33:37 Bow Saw
33:19 Horse Collar
33:23 Crossbowman
34:25 Thumb Ring
34:43 Fletching
38:51 Imperial Age
38:02 Wheelbarrow
37:51 Heavy Plow
39:55 Conscription
40:43 Chemistry
39:22 Arbalester
HDSON.menoncab
8:50 Loom
11:01 Feudal Age
12:20 Double-Bit Axe
18:54 Castle Age
22:51 Bow Saw
22:23 Horse Collar
23:36 Stone Mining
23:42 Gold Mining
24:24 Town Watch
25:17 Wheelbarrow
27:15 Fletching
28:21 Padded Archer Armor
28:13 Elite Skirmisher
29:47 Bodkin Arrow
34:59 Imperial Age
35:08 Scale Barding Armor
35:06 Husbandry
35:18 Bloodlines
35:55 Double Crossbow
38:20 Chemistry
37:56 Hand Cart
39:27 Elite Ballista Elephant
40:24 Heavy Plow
41:46 Ballistics
41:23 Capped Ram
42:17 Pikeman
Connection lost

Rejoining the realm…

Still unreachable

The connection could not be restored.

Session expired

The server has moved on; the page needs a fresh start.